AoeStats
← Queko

Black Forest

509265713Analyzed
3v3 RM · 8d ago on Sep 26, 2026· 36m 41s· 6 players
Game mode
Random Map
Map size
Normal (6 player)
Population
200
Speed
Normal
Resources
Standard
Victory
Conquest
Starting age
Dark Age
Ending age
Imperial Age
RankedLock teamsTeams togetherTeam positionsShared explorationLock speedFull tech treeHidden civsTurbo modeCheats
Victory
Defeat
🇨🇱 Cumans · Chile
1005
+14
🇨🇱 Varangians · Chile
986
+15
🇨🇱 Bulgarians · Chile
923
+18
🇦🇷 Celts · Argentina
1055
-19
🇦🇷 Romans · Argentina
980
-16
🇦🇷 Goths · Argentina
861
-12
Trazo :D
10:41 Feudal Age
10:03 Loom
11:24 Double-Bit Axe
13:37 Man-at-Arms
15:51 Scale Mail Armor
17:15 Forging
28:14 Castle Age
26:40 Gold Mining
26:41 Horse Collar
28:14 Fishing Lines
28:35 Long Swordsman
29:43 Chain Mail Armor
29:39 Stone Mining
30:54 Iron Casting
31:00 Gold Shaft Mining
30:49 Pikeman
31:31 Squires
36:37 Wheelbarrow
Queko
0:48 Loom
13:01 Feudal Age
31:45 Castle Age
Frankios
2:06 Loom
12:53 Feudal Age
17:35 Castle Age
15:58 Gold Mining
15:57 Double-Bit Axe
16:29 Horse Collar
16:46 Stone Mining
18:25 Man-at-Arms
20:14 Bow Saw
21:43 Scale Mail Armor
21:58 Forging
23:21 Padded Archer Armor
23:11 Fletching
24:02 Crossbowman
29:31 Pikeman
34:54 Wheelbarrow
34:13 Long Swordsman
El Jhon Wick
8:06 Loom
10:11 Feudal Age
14:51 Forging
25:43 Castle Age
23:46 Scale Mail Armor
25:46 Arson
26:19 Gambesons
28:24 Iron Casting
30:24 Stone Mining
31:31 Double-Bit Axe
32:35 Bow Saw
32:35 Horse Collar
34:30 Heavy Plow
36:12 Town Watch
39:24 Imperial Age
aillanes
9:11 Feudal Age
9:18 Loom
9:59 Double-Bit Axe
21:43 Castle Age
24:11 Horse Collar
25:12 Bow Saw
25:05 Heavy Plow
25:46 Wheelbarrow
26:11 Bloodlines
26:18 Fervor
27:10 Gold Mining
27:47 Scale Barding Armor
27:54 Forging
28:50 Scale Mail Armor
30:17 Chain Barding Armor
34:04 Imperial Age
32:16 Iron Casting
32:40 Stone Mining
33:37 Chain Mail Armor
33:16 Town Watch
34:09 Cavalier
36:03 Plate Barding Armor
35:52 Conscription
37:31 Blast Furnace
37:33 Plate Mail Armor
37:52 Gold Shaft Mining
eL_MataTan
0:26 Loom
11:35 Feudal Age
12:36 Double-Bit Axe
17:37 Castle Age
17:13 Town Watch
19:28 Horse Collar
24:33 Fletching
30:26 Wheelbarrow
30:58 Bow Saw
31:24 Padded Archer Armor
32:27 Leather Archer Armor
32:08 Bodkin Arrow
32:55 Gold Mining
33:34 Ballistics
35:33 Scale Barding Armor
35:31 Heavy Plow
Connection lost

Rejoining the realm…

Still unreachable

The connection could not be restored.

Session expired

The server has moved on; the page needs a fresh start.